 Dungeon Crawl Stone Soup version 0.20.1-1-g8b1a95d (webtiles) character file.

150 Folque the Magician (level 5, 0/34 HPs)
             Began as an Octopode Wizard on Nov 8, 2017.
             Slain by a quokka (5 damage)
             ... on level 4 of the Dungeon.
             The game lasted 00:11:31 (2896 turns).

Folque the Magician (Octopode Wizard)               Turns: 2896, Time: 00:11:31

Health: 0/34       AC:  2    Str:  7    XL:     5   Next: 32%
Magic:  1/11       EV: 13    Int: 21    God:
Gold:   127        SH:  0    Dex: 10    Spells: 4/12 levels left

rFire    . . .     SeeInvis .   v - +2 mace (crush)
rCold    . . .     Gourm    .   (no shield)
rNeg     . . .     Faith    .   a - +1 hat
rPois    .         Spirit   .   (no amulet)
rElec    .         Reflect  .   y - ring of flight
rCorr    .         Harm     .   (no ring)
MR       .....                  (no ring)
Stlth    +++.......             (no ring)
Regen    0.2/turn               (no ring)
MPRegen  0.2/turn               (no ring)
                                (no ring)
                                (no ring)

@: very slightly contaminated
A: almost no armour, stealthy swim, amphibious, 8 rings, constrict 8, camouflage
1, gelatinous body 1
a: Evoke Flight


You were on level 4 of the Dungeon.
You were not hungry.

You visited 1 branch of the dungeon, and saw 4 of its levels.

You collected 127 gold pieces.

Inventory:

Hand Weapons
 j - a +0 club
 l - a +0 short sword
 v - a +2 mace of crushing (weapon)
 w - a +2 whip of electrocution
Armour
 a - a +1 hat (worn)
Jewellery
 y - a ring of flight (left tentacle)
Scrolls
 g - a scroll of magic mapping {unknown}
 h - 4 scrolls of remove curse
 i - a scroll of identify
 o - a scroll of enchant weapon {unknown}
 s - a scroll of amnesia {unknown}
 u - a scroll of recharging {unknown}
 A - a scroll of teleportation
Potions
 d - a potion of heal wounds {unknown}
 e - 2 potions of curing
 k - a potion of degeneration {unknown}
 m - 3 potions of might
 q - a potion of cancellation {unknown}
 r - a potion of agility {unknown}
 t - a potion of berserk rage {unknown}
 x - a potion of resistance {unknown}
 z - a potion of mutation {unknown}
Books
 b - a book of Minor Magic

   Spells                             Type                      Level
   a - Magic Dart                     Conjuration                  1
   b - Blink                          Translocation                2
   c - Call Imp                       Summoning                    2
   d - Slow                           Hexes                        2
   e - Conjure Flame                  Conjuration/Fire             3
   f - Mephitic Cloud                 Conjuration/Poison/Air       3
Comestibles
 c - 3 bread rations
 f - 2 meat rations


   Skills:
 - Level 2.2 Fighting
 - Level 2.0 Dodging
 - Level 2.6 Stealth
 + Level 4.0 Spellcasting
 + Level 2.1 Conjurations
 - Level 1.0 Summonings
 - Level 1.0 Translocations
 * Level 2.5 Poison Magic


You had 4 spell levels left.
You knew the following spells:

 Your Spells              Type           Power        Failure   Level  Hunger
a - Magic Dart            Conj           ##..         4%          1    None
b - Call Imp              Summ           #.......     12%         2    #......
c - Blink                 Tloc           N/A          12%         2    #......
d - Mephitic Cloud        Conj/Pois/Air  ##......     19%         3    ###....


Dungeon Overview and Level Annotations

Branches:
Dungeon (4/15)
 Temple: D:4-7

Altars:
Ashenzari
Uskayaw


Innate Abilities, Weirdness & Mutations

You cannot wear most types of armour.
You are very stealthy in the water. (Stealth+)
You are amphibious.
You can wear up to eight rings at the same time.
You can use your tentacles to constrict eight enemies at once.
Your skin changes colour to match your surroundings (Stealth+).
Your rubbery body absorbs attacks. (AC +1, EV +1)


Message History

The giant cockroach is severely wounded.
You constrict the giant cockroach. The giant cockroach bites you.
You hit the giant cockroach.
You kill the giant cockroach!
The orc hits you. The howler monkey hits you. The orc hits you.
The quokka closely misses you.
Casting: Blink
Confirm with . or Enter, or press ? or * to list all spells.
You blink.
The howler monkey hoots and howls with incredible vigour!
The orc barely misses you.
The howler monkey hits you but does no damage.
The orc hits you with a short sword.
* * * LOW HITPOINT WARNING * * *
You barely miss the orc priest. Your grab misses the orc priest.
The orc priest is lightly wounded.
The quokka bites you.
* * * LOW HITPOINT WARNING * * *
The orc barely misses you. The quokka bites you.
You die...

##.%.............#
#................#
##...............##
#..................
#...............#
#......(........#
#........?.....#
#.....h........#
#.^..or@......##
#.....o..o....#
##..†........##
#..........##
##......?..#
#........##
#.......##
###...### #####


You could see a howler monkey, an orc priest (confused), 2 orcs and a quokka.

Vanquished Creatures
  3 adders (D:2)
  4 gnolls (D:3)
  An ooze (D:1)
  2 leopard geckos
  An orc (D:3)
  7 giant cockroaches
  4 goblins
  6 hobgoblins
  4 jackals
  A quokka (D:2)
  6 bats
  2 frilled lizards
  6 kobolds
  9 rats
56 creatures vanquished.

Vanquished Creatures (collateral kills)
  3 adders (D:2)
  3 worms (D:3)
  A bat (D:3)
  A giant cockroach (D:2)
  A jackal (D:1)
9 creatures vanquished.

Grand Total: 65 creatures vanquished

Notes
Turn   | Place    | Note
-------+----------+-------------------------------------------
     0 | D:1      | Folque the Octopode Wizard began the quest for the Orb.
     0 | D:1      | Reached XP level 1. HP: 11/11 MP: 4/4
    98 | D:1      | Reached skill level 1 in Fighting
   164 | D:1      | Reached XP level 2. HP: 15/18 MP: 0/6
   168 | D:1      | Learned a level 2 spell: Call Imp
   171 | D:1      | Learned a level 2 spell: Blink
   366 | D:1      | Found a shattered altar of Ashenzari.
   846 | D:1      | Reached XP level 3. HP: 12/24 MP: 7/7
   851 | D:1      | Learned a level 3 spell: Mephitic Cloud
  1282 | D:2      | Reached skill level 1 in Poison Magic
  1492 | D:2      | Reached XP level 4. HP: 24/29 MP: 9/9
  1569 | D:2      | Found a hide-covered altar of Uskayaw.
  2518 | D:3      | Reached XP level 5. HP: 26/34 MP: 1/10
  2539 | D:3      | Reached skill level 4 in Spellcasting
  2896 | D:4      | Slain by a quokka

Skill      XL: |  1  2  3  4  5 |
---------------+----------------+-----
Fighting       | 1 2 |  2.2
Poison Magic   | 1 2 |  2.5
Spellcasting   | 4 |  4.0
Conjurations   | 2 |  2.1
Dodging        | |  2.0
Stealth        | |  2.6
Summonings     | |  1.0
Translocations | |  1.0

Action                   |  1- 3 |  4- 6 || total
-------------------------+-------+-------++-------
Melee: Unarmed           |    28 |       ||    28
       Tentacles         |    12 |    10 ||    22
       Constrict         |    14 |    21 ||    35
       Short sword       |    34 |    50 ||    84
       Club              |     3 |       ||     3
       Mace              |       |    23 ||    23
 Cast: Magic Dart        |    20 |     7 ||    27
       Call Imp          |     5 |    10 ||    15
       Mephitic Cloud    |       |     4 ||     4
       Blink             |       |     3 ||     3
  Use: Scroll            |     1 |     4 ||     5
 Stab: Sleeping          |     5 |    10 ||    15
       Confused          |       |     1 ||     1
  Eat: Chunk             |     2 |     5 ||     7
Armor: Skin              |     7 |     8 ||    15
Dodge: Dodged            |    39 |    52 ||    91
